[ AOE2 MATCH · #466358960 ]
UnrankedPersians vs Lithuanians
[ REPLAY ANALYSIS · EXTRACTED FROM THE RECORDED GAME ]
Feudal
13:12
Castle
29:15
Imperial
—
| APM avg | 32.7 |
| APM peak | 70 |
| eAPM avg | 17.3 |
| Villagers / military | 113 / 3 |
Focus
⚔️ 22.6% · 🌾 77.4%
Fishing Ship ×10 · War Elephant ×3
Feudal
12:40
Castle
16:36
Imperial
35:25
| APM avg | 29.7 |
| APM peak | 54 |
| eAPM avg | 16.1 |
| Villagers / military | 122 / 34 |
Focus
⚔️ 18.5% · 🌾 81.5%
Leitis ×17 · Fishing Ship ×14 · Fire Galley ×8 · Scorpion ×4 · Monk ×2 · Trebuchet (Packed) ×2
Feudal
13:26
Castle
20:26
Imperial
37:34
| APM avg | 33.3 |
| APM peak | 64 |
| eAPM avg | 17.0 |
| Villagers / military | 98 / 25 |
Focus
⚔️ 22.0% · 🌾 78.0%
Rattan Archer ×14 · Archer ×3 · Fire Galley ×3 · Fishing Ship ×3 · Monk ×2 · Genitour ×1
Feudal
14:00
Castle
29:12
Imperial
—
| APM avg | 36.5 |
| APM peak | 71 |
| eAPM avg | 22.3 |
| Villagers / military | 122 / 21 |
Focus
⚔️ 30.2% · 🌾 69.8%
Conquistador ×13 · Fishing Ship ×8 · Monk ×4 · Missionary ×2 · Battering Ram ×2
Feudal
12:28
Castle
19:18
Imperial
35:03
| APM avg | 43.5 |
| APM peak | 82 |
| eAPM avg | 24.4 |
| Villagers / military | 140 / 51 |
Focus
⚔️ 28.2% · 🌾 71.8%
Knight ×35 · Fishing Ship ×10 · Conquistador ×9 · Fire Galley ×3 · Trebuchet (Packed) ×2 · Galley ×1
Feudal
15:47
Castle
20:47
Imperial
—
| APM avg | 27.0 |
| APM peak | 71 |
| eAPM avg | 15.0 |
| Villagers / military | 70 / 4 |
Focus
⚔️ 21.3% · 🌾 78.7%
Fishing Ship ×18 · Spearman ×2 · Chu Ko Nu ×2
Feudal
14:09
Castle
23:41
Imperial
—
| APM avg | 43.3 |
| APM peak | 62 |
| eAPM avg | 22.7 |
| Villagers / military | 81 / 16 |
Focus
⚔️ 18.6% · 🌾 81.4%
Fishing Ship ×15 · Skirmisher ×11 · Knight ×4 · Unknown (2626) ×4 · Galley ×1
Feudal
13:09
Castle
17:55
Imperial
—
| APM avg | 29.3 |
| APM peak | 53 |
| eAPM avg | 18.6 |
| Villagers / military | 76 / 51 |
Focus
⚔️ 45.3% · 🌾 54.7%
Camel Archer ×49 · Fishing Ship ×8 · Galley ×2
Match map
Initial resources + every placement click. Lines = walls · curves = elevation contours. ◆ gold · ⬟ stone · ● berries · ✦ relic · ◌ wall gap
Inputs per minute
— [Legacy] matbui - - 霧島君
Build order — [Legacy] matbui
First 150 of 283 actions detected
| 0:14 | Build | Town Center |
| 1:04 | Build | Dock |
| 1:07 | Build | House |
| 1:07 | Build | House |
| 2:44 | Create | Villager (Male) |
| 2:44 | Create | Villager (Male) |
| 2:44 | Create | Villager (Male) |
| 2:45 | Create | Villager (Male) |
| 2:45 | Create | Villager (Male) |
| 2:45 | Create | Villager (Male) |
| 3:11 | Build | House |
| 3:47 | Create | Fishing Ship |
| 4:16 | Create | Villager (Male) |
| 5:00 | Create | Villager (Male) |
| 5:00 | Create | Villager (Male) |
| 5:38 | Create | Villager (Male) |
| 5:38 | Create | Villager (Male) |
| 5:53 | Build | House |
| 5:59 | Build | House |
| 6:00 | Create | Villager (Male) |
| 6:00 | Create | Villager (Male) |
| 6:22 | Create | Villager (Male) |
| 6:22 | Create | Villager (Male) |
| 6:40 | Create | Fishing Ship |
| 6:40 | Create | Fishing Ship |
| 7:11 | Create | Villager (Male) |
| 7:33 | Create | Fishing Ship |
| 7:33 | Create | Fishing Ship |
| 7:42 | Build | House |
| 7:45 | Create | Villager (Male) |
| 7:46 | Create | Villager (Male) |
| 7:54 | Create | Villager (Male) |
| 8:13 | Create | Villager (Male) |
| 8:15 | Build | House |
| 8:41 | Create | Villager (Male) |
| 8:48 | Research | Loom |
| 8:50 | Build | House |
| 8:58 | Build | House |
| 9:07 | Build | House |
| 9:19 | Create | Villager (Male) |
| 9:23 | Build | House |
| 9:38 | Research | Loom |
| 9:45 | Create | Fishing Ship |
| 9:45 | Create | Fishing Ship |
| 10:02 | Build | Mining Camp |
| 10:34 | Create | Villager (Male) |
| 10:34 | Create | Villager (Male) |
| 10:44 | Build | Lumber Camp |
| 11:09 | Research | Feudal Age |
| 11:09 | Research | Feudal Age |
| 12:17 | Create | Villager (Male) |
| 12:17 | Create | Villager (Male) |
| 13:12 | Age | Feudal Age |
| 13:20 | Build | Watch Tower |
| 13:23 | Build | Palisade Wall |
| 13:28 | Build | Palisade Wall |
| 13:29 | Build | Palisade Wall |
| 13:45 | Create | Villager (Male) |
| 13:50 | Build | Watch Tower |
| 14:12 | Create | Villager (Male) |
| 14:20 | Research | Town Watch |
| 14:29 | Build | Watch Tower |
| 14:32 | Build | Blacksmith |
| 14:37 | Research | Double-Bit Axe |
| 14:53 | Create | Villager (Male) |
| 14:54 | Create | Villager (Male) |
| 15:18 | Build | Watch Tower |
| 15:20 | Research | Fletching |
| 15:25 | Build | House |
| 15:49 | Build | Watch Tower |
| 16:08 | Create | Villager (Male) |
| 16:11 | Create | Villager (Male) |
| 16:29 | Create | Villager (Male) |
| 16:34 | Build | Watch Tower |
| 16:58 | Build | Palisade Wall |
| 17:12 | Create | Villager (Male) |
| 17:12 | Create | Villager (Male) |
| 17:25 | Create | Villager (Male) |
| 17:31 | Build | Mill |
| 18:06 | Build | Watch Tower |
| 18:10 | Build | Palisade Wall |
| 18:15 | Build | Palisade Wall |
| 18:16 | Build | Palisade Wall |
| 18:17 | Build | Palisade Wall |
| 18:23 | Build | Palisade Wall |
| 19:32 | Create | Villager (Male) |
| 19:32 | Create | Villager (Male) |
| 19:43 | Create | Villager (Male) |
| 19:59 | Build | Watch Tower |
| 20:08 | Build | Farm |
| 20:08 | Build | Farm |
| 20:08 | Build | Farm |
| 20:09 | Build | Farm |
| 20:09 | Build | Farm |
| 20:09 | Build | Farm |
| 20:09 | Build | Farm |
| 20:09 | Build | Farm |
| 20:10 | Build | Farm |
| 20:12 | Create | Villager (Male) |
| 20:23 | Build | Dock |
| 20:37 | Build | House |
| 20:38 | Create | Villager (Male) |
| 20:51 | Build | Watch Tower |
| 20:57 | Build | Palisade Wall |
| 21:00 | Build | House |
| 21:08 | Build | Palisade Wall |
| 21:13 | Build | House |
| 21:15 | Create | Villager (Male) |
| 21:43 | Create | Villager (Male) |
| 22:03 | Create | Villager (Male) |
| 22:10 | Build | Watch Tower |
| 22:11 | Build | House |
| 22:12 | Build | House |
| 22:17 | Create | Villager (Male) |
| 22:27 | Build | Dock |
| 22:36 | Create | Villager (Male) |
| 22:49 | Build | House |
| 22:50 | Build | House |
| 22:53 | Build | House |
| 23:08 | Create | Villager (Male) |
| 23:08 | Create | Villager (Male) |
| 23:20 | Build | Watch Tower |
| 23:23 | Create | Villager (Male) |
| 23:26 | Build | House |
| 23:32 | Create | Fishing Ship |
| 23:40 | Build | House |
| 23:44 | Build | House |
| 23:52 | Build | House |
| 23:59 | Create | Villager (Male) |
| 24:02 | Build | Farm |
| 24:03 | Build | Farm |
| 24:03 | Build | Farm |
| 24:03 | Build | Farm |
| 24:03 | Build | Farm |
| 24:03 | Build | Farm |
| 24:04 | Build | Farm |
| 24:08 | Create | Villager (Male) |
| 24:31 | Build | House |
| 24:33 | Create | Villager (Male) |
| 24:37 | Build | Palisade Wall |
| 24:38 | Build | Palisade Wall |
| 24:39 | Build | Palisade Wall |
| 24:39 | Build | Palisade Wall |
| 24:41 | Create | Villager (Male) |
| 24:46 | Build | Farm |
| 24:47 | Build | Farm |
| 24:48 | Build | Farm |
| 24:52 | Create | Villager (Male) |
| 25:20 | Create | Villager (Male) |
| 25:27 | Build | Mining Camp |
Build order — 霧島君
First 150 of 289 actions detected
| 0:18 | Build | Town Center |
| 0:28 | Build | Dock |
| 0:31 | Build | House |
| 2:38 | Create | Villager (Male) |
| 2:38 | Create | Villager (Male) |
| 3:08 | Create | Villager (Male) |
| 3:08 | Create | Villager (Male) |
| 3:28 | Create | Villager (Male) |
| 3:28 | Create | Villager (Male) |
| 3:44 | Create | Fishing Ship |
| 4:00 | Create | Villager (Male) |
| 4:36 | Build | House |
| 5:10 | Create | Fishing Ship |
| 5:30 | Create | Villager (Male) |
| 5:46 | Create | Fishing Ship |
| 5:47 | Create | Villager (Male) |
| 6:22 | Create | Villager (Male) |
| 6:25 | Build | House |
| 6:56 | Build | House |
| 6:57 | Create | Villager (Male) |
| 7:08 | Create | Villager (Male) |
| 7:32 | Build | House |
| 7:34 | Create | Fishing Ship |
| 7:35 | Create | Villager (Male) |
| 8:07 | Create | Villager (Male) |
| 8:08 | Create | Fishing Ship |
| 8:38 | Create | Villager (Male) |
| 8:48 | Create | Fishing Ship |
| 8:59 | Create | Villager (Male) |
| 9:11 | Build | Lumber Camp |
| 9:17 | Create | Villager (Male) |
| 9:36 | Create | Villager (Male) |
| 10:02 | Build | Mill |
| 10:29 | Research | Feudal Age |
| 12:40 | Age | Feudal Age |
| 12:41 | Research | Wheelbarrow |
| 12:45 | Build | Market |
| 12:51 | Build | Blacksmith |
| 13:25 | Create | Unit 2626 |
| 13:44 | Build | House |
| 13:46 | Build | House |
| 13:53 | Research | Castle Age |
| 14:29 | Research | Double-Bit Axe |
| 14:55 | Build | House |
| 14:56 | Build | House |
| 15:04 | Create | Fire Galley |
| 15:32 | Build | Dock |
| 16:13 | Create | Fire Galley |
| 16:16 | Create | Fire Galley |
| 16:29 | Create | Villager (Male) |
| 16:29 | Create | Villager (Male) |
| 16:36 | Age | Castle Age |
| 16:45 | Research | War Galley (upgrade) |
| 16:51 | Create | Villager (Male) |
| 16:53 | Research | Bow Saw |
| 17:22 | Create | Fire Galley |
| 17:30 | Create | Villager (Male) |
| 17:48 | Create | Fire Galley |
| 17:49 | Create | Fire Galley |
| 18:01 | Create | Villager (Male) |
| 18:12 | Build | Town Center |
| 18:39 | Create | Fire Galley |
| 18:39 | Create | Fire Galley |
| 18:56 | Create | Villager (Male) |
| 18:57 | Create | Villager (Male) |
| 19:12 | Create | Villager (Male) |
| 19:16 | Research | Horse Collar |
| 19:25 | Build | Town Center |
| 19:54 | Create | Villager (Male) |
| 19:55 | Create | Villager (Male) |
| 19:59 | Research | Loom |
| 20:01 | Research | Tech 906 |
| 20:22 | Create | Villager (Male) |
| 20:23 | Create | Villager (Male) |
| 20:26 | Research | Heavy Plow |
| 20:43 | Build | Dock |
| 20:45 | Create | Fishing Ship |
| 20:45 | Create | Fishing Ship |
| 20:54 | Create | Villager (Male) |
| 20:55 | Create | Villager (Male) |
| 20:55 | Create | Villager (Male) |
| 20:58 | Build | Farm |
| 20:59 | Build | Farm |
| 21:08 | Build | Monastery |
| 21:14 | Build | House |
| 21:15 | Build | House |
| 21:27 | Create | Villager (Male) |
| 21:31 | Build | Farm |
| 21:35 | Build | Mining Camp |
| 21:45 | Build | Farm |
| 21:57 | Create | Fishing Ship |
| 21:57 | Create | Fishing Ship |
| 21:57 | Create | Fishing Ship |
| 22:04 | Create | Villager (Male) |
| 22:04 | Create | Villager (Male) |
| 22:09 | Create | Monk |
| 22:12 | Build | Farm |
| 22:15 | Build | Farm |
| 22:18 | Build | Farm |
| 22:23 | Build | Farm |
| 22:25 | Build | Farm |
| 22:27 | Build | Farm |
| 22:28 | Create | Villager (Male) |
| 22:29 | Create | Villager (Male) |
| 22:42 | Create | Villager (Male) |
| 23:10 | Create | Villager (Male) |
| 23:10 | Create | Villager (Male) |
| 23:11 | Create | Villager (Male) |
| 23:17 | Build | Lumber Camp |
| 23:20 | Build | Farm |
| 23:21 | Build | Farm |
| 23:26 | Build | Mining Camp |
| 23:28 | Create | Villager (Male) |
| 23:29 | Create | Villager (Male) |
| 23:29 | Create | Villager (Male) |
| 23:34 | Build | House |
| 23:36 | Build | House |
| 23:43 | Create | Villager (Male) |
| 23:56 | Build | Farm |
| 23:57 | Build | Farm |
| 23:58 | Build | Farm |
| 24:07 | Research | Stone Mining |
| 24:26 | Create | Villager (Male) |
| 24:27 | Create | Villager (Male) |
| 24:27 | Create | Villager (Male) |
| 24:35 | Build | Farm |
| 24:36 | Build | Farm |
| 24:37 | Build | Farm |
| 24:42 | Build | Siege Workshop |
| 24:47 | Build | Farm |
| 24:49 | Build | Farm |
| 24:53 | Build | House |
| 24:54 | Build | House |
| 25:03 | Create | Villager (Male) |
| 25:03 | Create | Villager (Male) |
| 25:04 | Create | Villager (Male) |
| 25:07 | Build | House |
| 25:08 | Build | House |
| 25:22 | Research | Gillnets |
| 25:23 | Create | Fishing Ship |
| 25:24 | Create | Fishing Ship |
| 25:24 | Create | Fishing Ship |
| 25:28 | Create | Villager (Male) |
| 25:29 | Create | Villager (Male) |
| 25:29 | Create | Villager (Male) |
| 25:33 | Build | Farm |
| 25:44 | Create | Scorpion |
| 25:44 | Create | Scorpion |
| 26:05 | Research | Town Watch |
| 26:22 | Create | Villager (Male) |
Build order — [Legacy]Rian23
First 150 of 229 actions detected
| 0:44 | Build | Town Center |
| 2:04 | Build | Dock |
| 2:06 | Build | House |
| 3:25 | Create | Villager (Male) |
| 3:26 | Create | Villager (Male) |
| 3:26 | Create | Villager (Male) |
| 3:26 | Create | Villager (Male) |
| 3:26 | Create | Villager (Male) |
| 4:40 | Create | Fishing Ship |
| 4:49 | Build | House |
| 5:03 | Research | Loom |
| 5:28 | Create | Villager (Male) |
| 5:38 | Create | Fishing Ship |
| 5:56 | Create | Villager (Male) |
| 6:06 | Build | House |
| 6:27 | Create | Villager (Male) |
| 6:58 | Create | Villager (Male) |
| 7:25 | Create | Villager (Male) |
| 7:35 | Create | Fishing Ship |
| 7:40 | Build | House |
| 7:47 | Create | Villager (Male) |
| 8:06 | Create | Villager (Male) |
| 8:25 | Create | Villager (Male) |
| 8:34 | Build | Mill |
| 8:54 | Create | Villager (Male) |
| 9:24 | Create | Villager (Male) |
| 9:45 | Create | Villager (Male) |
| 10:00 | Build | Palisade Wall |
| 10:01 | Build | Palisade Wall |
| 10:07 | Build | Palisade Wall |
| 10:20 | Create | Villager (Male) |
| 10:49 | Create | Villager (Male) |
| 10:53 | Build | Mining Camp |
| 11:16 | Research | Feudal Age |
| 11:16 | Research | Feudal Age |
| 11:38 | Build | House |
| 11:49 | Create | Villager (Male) |
| 12:17 | Build | Barracks |
| 13:25 | Create | Villager (Male) |
| 13:26 | Age | Feudal Age |
| 13:29 | Create | Fire Galley |
| 14:07 | Create | Fire Galley |
| 14:08 | Create | Villager (Male) |
| 14:38 | Create | Villager (Male) |
| 14:58 | Build | House |
| 15:17 | Create | Fire Galley |
| 15:18 | Create | Villager (Male) |
| 15:35 | Build | House |
| 15:49 | Create | Villager (Male) |
| 15:55 | Build | Blacksmith |
| 16:10 | Create | Villager (Male) |
| 16:37 | Create | Villager (Male) |
| 16:39 | Build | Archery Range |
| 17:21 | Create | Villager (Male) |
| 17:31 | Build | Lumber Camp |
| 17:39 | Research | Castle Age |
| 17:44 | Research | Town Watch |
| 18:18 | Research | Double-Bit Axe |
| 18:18 | Research | Double-Bit Axe |
| 18:25 | Research | Horse Collar |
| 18:25 | Research | Horse Collar |
| 18:47 | Build | Mining Camp |
| 19:06 | Create | Archer |
| 19:07 | Create | Archer |
| 19:18 | Research | Fletching |
| 20:07 | Build | Outpost |
| 20:16 | Create | Villager (Male) |
| 20:26 | Age | Castle Age |
| 20:28 | Build | Town Center |
| 20:36 | Build | House |
| 20:40 | Build | Monastery |
| 20:48 | Create | Villager (Male) |
| 20:51 | Research | Town Watch |
| 20:53 | Create | Archer |
| 21:27 | Build | Town Center |
| 21:27 | Create | Villager (Male) |
| 21:28 | Create | Villager (Male) |
| 22:18 | Build | Farm |
| 22:18 | Build | Farm |
| 22:19 | Build | Farm |
| 22:26 | Build | Market |
| 22:28 | Build | Mill |
| 22:52 | Create | Monk |
| 23:43 | Create | Villager (Male) |
| 23:43 | Create | Villager (Male) |
| 24:00 | Build | Town Center |
| 24:21 | Create | Villager (Male) |
| 24:21 | Create | Villager (Male) |
| 24:55 | Create | Villager (Male) |
| 24:55 | Create | Villager (Male) |
| 25:13 | Create | Villager (Male) |
| 25:13 | Create | Villager (Male) |
| 25:22 | Build | Farm |
| 25:25 | Build | Farm |
| 25:26 | Build | Farm |
| 25:26 | Build | Farm |
| 25:27 | Build | Farm |
| 25:29 | Build | Farm |
| 25:31 | Create | Villager (Male) |
| 25:44 | Create | Monk |
| 26:04 | Create | Villager (Male) |
| 26:30 | Build | Watch Tower |
| 26:51 | Create | Villager (Male) |
| 26:52 | Create | Villager (Male) |
| 27:04 | Create | Villager (Male) |
| 27:04 | Create | Villager (Male) |
| 27:10 | Build | House |
| 27:12 | Build | House |
| 27:15 | Create | Villager (Male) |
| 27:15 | Create | Villager (Male) |
| 27:38 | Create | Villager (Male) |
| 27:50 | Create | Villager (Male) |
| 27:51 | Create | Villager (Male) |
| 28:06 | Create | Villager (Male) |
| 28:07 | Create | Villager (Male) |
| 28:25 | Build | Lumber Camp |
| 28:30 | Create | Villager (Male) |
| 28:33 | Create | Villager (Male) |
| 28:40 | Create | Villager (Male) |
| 28:56 | Build | Farm |
| 28:57 | Build | Farm |
| 28:58 | Build | House |
| 29:19 | Build | House |
| 29:24 | Research | Wheelbarrow |
| 29:24 | Create | Villager (Male) |
| 29:25 | Create | Villager (Male) |
| 29:25 | Create | Villager (Male) |
| 29:32 | Create | Villager (Male) |
| 29:32 | Create | Villager (Male) |
| 29:57 | Build | Town Center |
| 30:02 | Create | Villager (Male) |
| 30:02 | Create | Villager (Male) |
| 30:31 | Build | Siege Workshop |
| 30:35 | Research | Bow Saw |
| 30:35 | Research | Bow Saw |
| 30:36 | Create | Villager (Male) |
| 30:36 | Create | Villager (Male) |
| 30:43 | Build | Farm |
| 30:44 | Build | Farm |
| 30:45 | Build | Farm |
| 30:46 | Build | Farm |
| 30:47 | Build | Farm |
| 30:59 | Research | Gold Mining |
| 31:06 | Build | House |
| 31:07 | Build | House |
| 31:09 | Build | House |
| 31:28 | Create | Villager (Male) ×3 |
| 31:33 | Build | House |
| 31:34 | Build | House |
| 31:44 | Create | Villager (Male) |
Build order — Magno
First 150 of 253 actions detected
| 0:20 | Build | Town Center |
| 2:04 | Build | Dock |
| 2:35 | Build | House |
| 2:39 | Create | Villager (Male) |
| 2:39 | Create | Villager (Male) |
| 2:39 | Create | Villager (Male) |
| 2:39 | Create | Villager (Male) |
| 2:39 | Create | Villager (Male) |
| 2:39 | Create | Villager (Male) |
| 3:45 | Build | House |
| 4:08 | Create | Fishing Ship |
| 4:38 | Create | Villager (Male) |
| 4:38 | Create | Villager (Male) |
| 4:38 | Create | Villager (Male) |
| 4:38 | Create | Villager (Male) |
| 4:38 | Create | Villager (Male) |
| 5:05 | Create | Villager (Male) |
| 5:05 | Create | Villager (Male) |
| 5:05 | Create | Villager (Male) |
| 5:05 | Create | Villager (Male) |
| 5:05 | Create | Villager (Male) |
| 5:05 | Create | Villager (Male) |
| 5:41 | Create | Villager (Male) |
| 5:41 | Create | Villager (Male) |
| 5:41 | Create | Villager (Male) |
| 5:41 | Create | Villager (Male) |
| 5:41 | Create | Villager (Male) |
| 5:41 | Create | Villager (Male) |
| 6:08 | Create | Villager (Male) |
| 6:08 | Create | Villager (Male) |
| 6:08 | Create | Villager (Male) |
| 6:24 | Create | Villager (Male) |
| 6:24 | Create | Villager (Male) |
| 6:24 | Create | Villager (Male) |
| 6:24 | Create | Villager (Male) |
| 6:24 | Create | Villager (Male) |
| 6:24 | Create | Villager (Male) |
| 6:24 | Create | Villager (Male) |
| 6:34 | Build | House |
| 6:45 | Create | Fishing Ship |
| 6:47 | Create | Villager (Male) |
| 6:47 | Create | Villager (Male) |
| 6:47 | Create | Villager (Male) |
| 6:47 | Create | Villager (Male) |
| 6:47 | Create | Villager (Male) |
| 7:30 | Create | Fishing Ship |
| 7:51 | Create | Villager (Male) |
| 7:51 | Create | Villager (Male) |
| 7:51 | Create | Villager (Male) |
| 8:18 | Create | Fishing Ship |
| 8:19 | Create | Villager (Male) |
| 8:19 | Create | Villager (Male) |
| 8:24 | Build | House |
| 9:11 | Create | Villager (Male) |
| 9:14 | Research | Loom |
| 9:20 | Create | Villager (Male) |
| 9:21 | Create | Fishing Ship |
| 9:59 | Create | Villager (Male) |
| 10:02 | Create | Fishing Ship |
| 10:05 | Build | House |
| 10:29 | Create | Villager (Male) |
| 10:33 | Build | Mill |
| 10:55 | Create | Villager (Male) |
| 11:12 | Build | House |
| 11:17 | Create | Villager (Male) |
| 11:18 | Create | Fishing Ship |
| 11:50 | Research | Feudal Age |
| 11:53 | Research | Loom |
| 12:00 | Build | House |
| 12:20 | Build | Mining Camp |
| 12:48 | Build | Farm |
| 12:50 | Build | Farm |
| 12:52 | Build | Farm |
| 12:55 | Build | Farm |
| 13:15 | Build | Palisade Wall |
| 13:21 | Build | Palisade Wall |
| 13:28 | Build | Palisade Wall |
| 13:33 | Build | Palisade Wall |
| 14:00 | Age | Feudal Age |
| 14:02 | Build | Mining Camp |
| 14:04 | Create | Villager (Male) |
| 14:05 | Create | Villager (Male) |
| 14:14 | Build | House |
| 14:18 | Build | House |
| 14:38 | Build | Watch Tower |
| 14:44 | Create | Villager (Male) |
| 14:44 | Create | Villager (Male) |
| 16:14 | Build | Blacksmith |
| 16:21 | Build | Lumber Camp |
| 16:22 | Create | Villager (Male) |
| 16:22 | Create | Villager (Male) |
| 16:32 | Build | Watch Tower |
| 16:35 | Create | Villager (Male) |
| 17:09 | Build | Watch Tower |
| 17:16 | Research | Fletching |
| 17:20 | Build | Mining Camp |
| 17:21 | Create | Villager (Male) |
| 17:42 | Create | Villager (Male) |
| 17:42 | Create | Villager (Male) |
| 17:42 | Create | Villager (Male) |
| 17:59 | Create | Villager (Male) |
| 17:59 | Create | Villager (Male) |
| 18:21 | Build | Watch Tower |
| 18:30 | Create | Villager (Male) |
| 18:41 | Create | Villager (Male) |
| 18:41 | Create | Villager (Male) |
| 18:45 | Build | Farm |
| 18:47 | Build | Farm |
| 18:48 | Build | Farm |
| 18:55 | Create | Fishing Ship |
| 19:27 | Create | Villager (Male) |
| 19:48 | Build | Watch Tower |
| 20:02 | Build | Farm |
| 20:03 | Build | Farm |
| 20:04 | Build | Farm |
| 20:29 | Research | Double-Bit Axe |
| 20:29 | Research | Double-Bit Axe |
| 20:56 | Build | Market |
| 21:02 | Build | House |
| 21:06 | Create | Villager (Male) |
| 21:06 | Create | Villager (Male) |
| 21:44 | Build | House |
| 21:49 | Build | House |
| 21:55 | Create | Villager (Male) |
| 22:01 | Build | Farm |
| 22:03 | Build | Farm |
| 22:07 | Build | Farm |
| 22:10 | Build | Farm |
| 22:20 | Build | House |
| 22:28 | Create | Villager (Male) |
| 22:30 | Build | Outpost |
| 22:35 | Create | Villager (Male) |
| 22:53 | Build | Watch Tower |
| 23:09 | Build | Farm |
| 23:12 | Create | Villager (Male) |
| 23:38 | Create | Villager (Male) |
| 23:38 | Create | Villager (Male) |
| 23:45 | Build | Watch Tower |
| 23:56 | Build | Watch Tower |
| 24:02 | Create | Villager (Male) |
| 24:02 | Create | Villager (Male) |
| 24:30 | Build | Farm |
| 24:31 | Build | Farm |
| 24:42 | Build | Farm |
| 24:58 | Create | Villager (Male) |
| 24:58 | Create | Villager (Male) |
| 25:05 | Build | Farm |
| 25:07 | Build | Farm |
| 25:35 | Create | Villager (Male) |
| 25:35 | Create | Villager (Male) |
Build order — [Legacy] nomad
First 150 of 393 actions detected
| 0:15 | Build | Town Center |
| 0:42 | Build | Dock |
| 0:48 | Build | House |
| 1:09 | Build | Palisade Wall |
| 1:14 | Build | Palisade Wall |
| 2:34 | Create | Villager (Male) |
| 2:34 | Create | Villager (Male) |
| 2:35 | Create | Villager (Male) |
| 2:35 | Create | Villager (Male) |
| 2:35 | Create | Villager (Male) |
| 2:47 | Research | Loom |
| 3:06 | Create | Villager (Male) |
| 3:06 | Create | Villager (Male) |
| 3:07 | Create | Villager (Male) |
| 3:17 | Build | Palisade Wall |
| 3:47 | Create | Fishing Ship |
| 3:47 | Create | Fishing Ship |
| 4:35 | Create | Villager (Male) |
| 4:35 | Create | Villager (Male) |
| 4:47 | Create | Fishing Ship |
| 4:47 | Create | Fishing Ship |
| 4:55 | Build | House |
| 5:31 | Create | Fishing Ship |
| 5:32 | Create | Fishing Ship |
| 5:42 | Create | Villager (Male) |
| 5:43 | Create | Villager (Male) |
| 6:07 | Create | Villager (Male) |
| 6:07 | Create | Villager (Male) |
| 6:32 | Create | Villager (Male) |
| 6:32 | Create | Villager (Male) |
| 6:46 | Create | Fishing Ship |
| 6:46 | Create | Fishing Ship |
| 6:55 | Build | House |
| 6:57 | Create | Villager (Male) |
| 7:17 | Create | Villager (Male) |
| 7:36 | Create | Villager (Male) |
| 7:36 | Create | Villager (Male) |
| 7:36 | Create | Villager (Male) |
| 7:42 | Create | Fishing Ship |
| 7:42 | Create | Fishing Ship |
| 8:11 | Create | Villager (Male) |
| 8:11 | Create | Villager (Male) |
| 8:28 | Build | House |
| 8:45 | Create | Villager (Male) |
| 9:23 | Create | Villager (Male) |
| 9:30 | Create | Villager (Male) |
| 9:34 | Build | Mining Camp |
| 9:45 | Create | Villager (Male) |
| 10:15 | Research | Feudal Age |
| 10:52 | Build | House |
| 11:07 | Build | Mining Camp |
| 11:54 | Create | Villager (Male) |
| 12:28 | Age | Feudal Age |
| 12:32 | Create | Transport Ship |
| 12:33 | Create | Villager (Male) |
| 12:39 | Create | Fire Galley |
| 12:42 | Create | Fire Galley |
| 12:44 | Create | Villager (Male) |
| 12:57 | Build | Mill |
| 13:00 | Create | Villager (Male) |
| 13:01 | Create | Villager (Male) |
| 13:43 | Create | Villager (Male) |
| 13:52 | Build | House |
| 13:53 | Build | House |
| 14:15 | Create | Fire Galley |
| 14:20 | Create | Villager (Male) |
| 14:28 | Create | Villager (Male) |
| 14:38 | Build | Market |
| 14:39 | Create | Villager (Male) |
| 15:07 | Create | Villager (Male) |
| 15:42 | Create | Villager (Male) |
| 15:46 | Build | Blacksmith |
| 16:21 | Create | Galley |
| 16:36 | Research | Castle Age |
| 16:55 | Build | Farm |
| 17:02 | Build | Lumber Camp |
| 18:20 | Build | House |
| 18:43 | Research | Double-Bit Axe |
| 18:56 | Research | Horse Collar |
| 19:00 | Build | Farm |
| 19:01 | Build | Farm |
| 19:02 | Build | Farm |
| 19:18 | Age | Castle Age |
| 19:19 | Build | Castle |
| 19:21 | Create | Villager (Male) |
| 19:23 | Create | Villager (Male) |
| 19:28 | Build | Farm |
| 19:31 | Build | Farm |
| 19:32 | Build | Farm |
| 19:35 | Build | Farm |
| 19:36 | Build | Farm |
| 19:37 | Create | Villager (Male) |
| 19:43 | Build | Farm |
| 20:15 | Create | Conquistador |
| 20:16 | Create | Conquistador |
| 20:16 | Create | Conquistador |
| 20:39 | Create | Villager (Male) |
| 20:39 | Create | Villager (Male) |
| 20:48 | Create | Conquistador |
| 20:49 | Create | Conquistador |
| 21:07 | Create | Conquistador |
| 21:08 | Create | Villager (Male) |
| 21:25 | Create | Conquistador |
| 21:50 | Create | Conquistador |
| 21:50 | Create | Conquistador |
| 22:10 | Create | Villager (Male) |
| 22:10 | Create | Villager (Male) |
| 22:25 | Create | Villager (Male) |
| 22:29 | Build | Town Center |
| 22:37 | Build | Town Center |
| 22:57 | Create | Villager (Male) |
| 23:11 | Create | Villager (Male) |
| 23:12 | Create | Villager (Male) |
| 23:17 | Build | Farm |
| 23:18 | Build | Farm |
| 23:34 | Create | Villager (Male) |
| 23:47 | Create | Villager (Male) |
| 23:49 | Build | Farm |
| 23:49 | Build | Farm |
| 23:50 | Build | Farm |
| 23:57 | Build | Farm |
| 23:58 | Create | Villager (Male) |
| 23:58 | Create | Villager (Male) |
| 24:09 | Build | Farm |
| 24:15 | Create | Villager (Male) |
| 24:31 | Create | Villager (Male) |
| 24:34 | Build | Farm |
| 24:34 | Build | Farm |
| 24:34 | Build | Farm |
| 24:35 | Build | Farm |
| 24:37 | Create | Villager (Male) |
| 24:37 | Create | Villager (Male) |
| 24:50 | Create | Villager (Male) |
| 24:53 | Build | Farm |
| 24:58 | Build | Outpost |
| 24:59 | Build | Outpost |
| 25:00 | Build | Outpost |
| 25:03 | Build | Outpost |
| 25:05 | Build | Outpost |
| 25:13 | Create | Villager (Male) |
| 25:15 | Build | Farm |
| 25:15 | Build | Farm |
| 25:15 | Build | Farm |
| 25:18 | Build | Farm |
| 25:20 | Create | Villager (Male) |
| 25:20 | Create | Villager (Male) |
| 25:39 | Create | Villager (Male) |
| 25:43 | Build | Farm |
| 25:43 | Create | Villager (Male) |
| 25:46 | Create | Villager (Male) |
Build order — Little_lemon
115 actions detected in the replay
| 0:27 | Build | Town Center |
| 2:17 | Build | House |
| 2:44 | Research | Loom |
| 3:37 | Create | Villager (Male) |
| 3:37 | Create | Villager (Male) |
| 4:06 | Create | Villager (Male) |
| 4:07 | Create | Villager (Male) |
| 4:23 | Create | Villager (Male) |
| 4:23 | Create | Villager (Male) |
| 4:53 | Build | Dock |
| 4:58 | Create | Villager (Male) |
| 4:58 | Create | Villager (Male) |
| 5:41 | Create | Villager (Male) |
| 5:41 | Create | Villager (Male) |
| 5:41 | Create | Villager (Male) |
| 6:22 | Create | Villager (Male) |
| 6:22 | Create | Villager (Male) |
| 6:22 | Create | Villager (Male) |
| 6:30 | Build | Lumber Camp |
| 6:50 | Create | Villager (Male) |
| 6:51 | Create | Villager (Male) |
| 6:51 | Create | Villager (Male) |
| 7:21 | Create | Villager (Male) |
| 7:21 | Create | Villager (Male) |
| 7:21 | Create | Villager (Male) |
| 7:28 | Create | Fishing Ship |
| 7:29 | Create | Fishing Ship |
| 7:34 | Build | Palisade Wall |
| 7:45 | Create | Villager (Male) |
| 7:45 | Create | Villager (Male) |
| 7:49 | Build | Palisade Wall |
| 8:04 | Create | Villager (Male) |
| 8:04 | Create | Villager (Male) |
| 8:05 | Create | Villager (Male) |
| 8:05 | Create | Villager (Male) |
| 8:34 | Create | Villager (Male) |
| 8:34 | Create | Villager (Male) |
| 8:35 | Create | Fishing Ship |
| 8:35 | Create | Fishing Ship |
| 8:53 | Create | Villager (Male) |
| 8:54 | Create | Villager (Male) |
| 8:55 | Create | Fishing Ship |
| 8:56 | Create | Fishing Ship |
| 8:56 | Create | Fishing Ship |
| 9:00 | Build | House |
| 9:14 | Create | Villager (Male) ×2 |
| 9:39 | Create | Villager (Male) ×2 |
| 9:40 | Create | Villager (Male) ×2 |
| 9:48 | Create | Fishing Ship |
| 9:57 | Build | Dock |
| 10:01 | Create | Villager (Male) |
| 10:28 | Build | House |
| 10:39 | Create | Fishing Ship |
| 10:47 | Create | Fishing Ship |
| 10:47 | Create | Fishing Ship |
| 10:51 | Build | House |
| 11:18 | Create | Villager (Male) |
| 11:24 | Create | Villager (Male) |
| 11:39 | Create | Fishing Ship |
| 11:40 | Create | Fishing Ship |
| 11:42 | Build | House |
| 12:20 | Create | Fishing Ship |
| 12:22 | Create | Fishing Ship |
| 12:23 | Create | Fishing Ship |
| 12:33 | Create | Villager (Male) |
| 12:52 | Build | Outpost |
| 12:57 | Create | Villager (Male) |
| 13:32 | Build | Barracks |
| 13:35 | Create | Villager (Male) |
| 13:37 | Research | Feudal Age |
| 14:02 | Build | Mining Camp |
| 14:24 | Build | Mill |
| 14:27 | Build | House |
| 14:35 | Build | Building 796 |
| 14:39 | Build | Palisade Wall |
| 14:44 | Create | Villager (Male) |
| 15:13 | Create | Fishing Ship ×2 |
| 15:47 | Age | Feudal Age |
| 16:00 | Build | Watch Tower |
| 16:01 | Create | Spearman |
| 16:02 | Create | Spearman |
| 16:06 | Build | Palisade Gate |
| 16:20 | Build | Watch Tower |
| 16:31 | Create | Villager (Male) |
| 16:32 | Create | Villager (Male) |
| 16:38 | Build | Blacksmith |
| 17:15 | Build | Market |
| 17:42 | Create | Villager (Male) |
| 17:59 | Research | Castle Age |
| 18:02 | Build | Mill |
| 20:47 | Research | Town Watch |
| 20:47 | Age | Castle Age |
| 21:08 | Build | Castle |
| 21:38 | Build | Lumber Camp |
| 21:48 | Create | Chu Ko Nu ×2 |
| 26:52 | Build | Lumber Camp |
| 28:18 | Build | Mining Camp |
| 30:43 | Build | Castle |
| 33:07 | Build | Town Center |
| 33:57 | Create | Villager (Male) ×5 |
| 34:06 | Create | Villager (Male) |
| 34:09 | Create | Villager (Male) ×5 |
| 34:40 | Build | Mining Camp |
| 34:53 | Create | Villager (Male) ×5 |
| 35:31 | Build | Town Center |
| 36:38 | Create | Villager (Male) |
| 36:39 | Create | Villager (Male) |
| 36:40 | Create | Villager (Male) |
| 36:40 | Create | Villager (Male) |
| 36:40 | Create | Villager (Male) |
| 36:40 | Create | Villager (Male) |
| 36:47 | Research | Double-Bit Axe |
| 36:48 | Research | Gold Mining |
| 36:51 | Create | Villager (Male) |
| 37:18 | Create | Villager (Male) |
Build order — 中等電腦
First 150 of 215 actions detected
| 0:24 | Build | Town Center |
| 0:42 | Build | Dock |
| 0:46 | Build | House |
| 2:38 | Create | Villager (Male) |
| 2:41 | Create | Fishing Ship |
| 3:00 | Create | Villager (Male) |
| 3:00 | Create | Villager (Male) |
| 3:40 | Create | Villager (Male) |
| 3:55 | Create | Villager (Male) |
| 4:21 | Create | Fishing Ship |
| 4:37 | Create | Villager (Male) |
| 4:46 | Build | House |
| 5:08 | Research | Loom |
| 5:37 | Create | Fishing Ship |
| 5:44 | Create | Villager (Male) |
| 5:53 | Create | Fishing Ship |
| 6:41 | Create | Villager (Male) |
| 6:58 | Build | House |
| 7:02 | Create | Villager (Male) |
| 7:07 | Create | Fishing Ship |
| 7:32 | Build | Palisade Wall |
| 7:43 | Create | Villager (Male) |
| 7:50 | Create | Villager (Male) |
| 8:10 | Create | Villager (Male) |
| 8:15 | Create | Villager (Male) |
| 8:18 | Build | House |
| 8:26 | Create | Villager (Male) |
| 8:33 | Create | Villager (Male) |
| 8:54 | Build | Palisade Wall |
| 9:36 | Build | Palisade Wall |
| 9:37 | Create | Fishing Ship |
| 9:39 | Create | Villager (Male) |
| 9:44 | Create | Villager (Male) |
| 9:56 | Create | Villager (Male) |
| 10:00 | Build | House |
| 10:41 | Build | House |
| 11:18 | Create | Villager (Male) |
| 11:25 | Build | Mining Camp |
| 11:31 | Create | Villager (Male) |
| 12:00 | Research | Feudal Age |
| 12:09 | Create | Villager (Male) |
| 12:12 | Create | Fishing Ship |
| 13:03 | Build | Mill |
| 13:34 | Build | Lumber Camp |
| 14:09 | Age | Feudal Age |
| 14:14 | Create | Unit 2626 |
| 14:25 | Create | Villager (Male) |
| 14:35 | Create | Unit 2626 |
| 14:46 | Create | Villager (Male) |
| 14:53 | Build | Market |
| 15:41 | Create | Villager (Male) |
| 15:42 | Create | Villager (Male) |
| 15:45 | Create | Villager (Male) |
| 15:48 | Create | Villager (Male) |
| 15:59 | Create | Unit 2626 |
| 16:01 | Create | Villager (Male) |
| 16:03 | Build | House |
| 16:24 | Create | Villager (Male) |
| 16:29 | Build | House |
| 16:38 | Build | Mill |
| 16:39 | Create | Villager (Male) |
| 16:53 | Build | Blacksmith |
| 17:03 | Build | Farm |
| 17:46 | Create | Villager (Male) |
| 17:49 | Build | Farm |
| 17:53 | Build | Farm |
| 17:55 | Build | Farm |
| 17:56 | Research | Double-Bit Axe |
| 18:06 | Create | Villager (Male) |
| 18:10 | Build | Palisade Wall |
| 18:14 | Build | House |
| 18:18 | Build | Farm |
| 18:27 | Create | Fishing Ship |
| 18:31 | Build | House |
| 18:52 | Build | Farm |
| 19:06 | Create | Galley |
| 19:11 | Build | Farm |
| 19:13 | Build | House |
| 19:18 | Create | Villager (Male) |
| 19:18 | Create | Villager (Male) |
| 19:39 | Build | Dock |
| 19:44 | Build | House |
| 19:46 | Build | House |
| 19:47 | Build | Palisade Wall |
| 19:55 | Create | Villager (Male) |
| 19:55 | Create | Villager (Male) |
| 20:01 | Research | Horse Collar |
| 20:04 | Create | Villager (Male) |
| 20:13 | Build | Palisade Wall |
| 20:46 | Build | House |
| 21:15 | Research | Castle Age |
| 21:20 | Build | Palisade Wall |
| 21:26 | Build | Mining Camp |
| 21:31 | Build | House |
| 21:35 | Build | Barracks |
| 21:55 | Build | Barracks |
| 22:09 | Build | Mining Camp |
| 22:28 | Build | Archery Range |
| 22:43 | Create | Fishing Ship |
| 22:52 | Research | Fletching |
| 22:55 | Create | Skirmisher |
| 22:56 | Create | Skirmisher |
| 23:41 | Age | Castle Age |
| 23:53 | Build | House |
| 24:02 | Create | Skirmisher |
| 24:38 | Create | Villager (Male) |
| 24:57 | Build | Town Center |
| 25:09 | Create | Villager (Male) |
| 25:32 | Create | Skirmisher |
| 25:41 | Create | Villager (Male) |
| 25:41 | Create | Villager (Male) |
| 25:55 | Create | Villager (Male) |
| 26:06 | Create | Villager (Male) |
| 26:16 | Create | Skirmisher |
| 26:19 | Create | Villager (Male) |
| 26:33 | Create | Villager (Male) |
| 26:35 | Create | Villager (Male) |
| 26:39 | Create | Villager (Male) |
| 26:45 | Build | Lumber Camp |
| 27:06 | Create | Villager (Male) |
| 27:17 | Research | Elite Skirmisher (upgrade) |
| 27:27 | Create | Villager (Male) |
| 27:52 | Create | Villager (Male) |
| 27:53 | Create | Villager (Male) |
| 28:12 | Build | Town Center |
| 28:17 | Create | Villager (Male) |
| 28:38 | Create | Villager (Male) |
| 28:45 | Create | Fishing Ship |
| 28:57 | Build | Palisade Wall |
| 29:04 | Create | Villager (Male) |
| 29:05 | Create | Villager (Male) |
| 29:14 | Create | Villager (Male) |
| 29:27 | Create | Fishing Ship |
| 29:35 | Build | Dock |
| 29:42 | Create | Villager (Male) |
| 29:44 | Build | House |
| 29:47 | Create | Villager (Male) |
| 30:02 | Build | Castle |
| 30:04 | Create | Villager (Male) |
| 30:07 | Build | House |
| 30:10 | Create | Villager (Male) |
| 30:20 | Create | Villager (Male) |
| 30:28 | Create | Fishing Ship |
| 30:33 | Create | Fishing Ship |
| 30:37 | Create | Unit 2626 |
| 30:45 | Create | Villager (Male) |
| 30:48 | Build | House |
| 30:54 | Create | Skirmisher |
| 31:03 | Build | Building 487 |
| 31:05 | Create | Villager (Male) |
Build order — Sera
First 150 of 192 actions detected
| 0:02 | Build | House |
| 1:00 | Build | Town Center |
| 2:03 | Build | Dock |
| 3:21 | Create | Villager (Male) ×4 |
| 3:21 | Create | Villager (Male) ×4 |
| 4:20 | Create | Fishing Ship |
| 4:20 | Create | Fishing Ship |
| 4:47 | Create | Villager (Male) |
| 4:51 | Build | House |
| 5:32 | Create | Villager (Male) |
| 5:33 | Create | Villager (Male) |
| 5:43 | Create | Fishing Ship |
| 5:43 | Create | Fishing Ship |
| 5:56 | Research | Loom |
| 6:24 | Create | Villager (Male) |
| 6:24 | Create | Villager (Male) |
| 6:35 | Create | Fishing Ship |
| 6:45 | Create | Villager (Male) |
| 6:45 | Create | Villager (Male) |
| 7:05 | Build | House |
| 7:07 | Create | Villager (Male) |
| 7:07 | Create | Villager (Male) |
| 7:22 | Create | Villager (Male) |
| 7:23 | Create | Villager (Male) |
| 7:51 | Create | Villager (Male) |
| 7:51 | Create | Villager (Male) |
| 7:53 | Create | Villager (Male) |
| 7:57 | Create | Fishing Ship |
| 7:58 | Create | Fishing Ship |
| 7:58 | Create | Fishing Ship |
| 8:11 | Create | Villager (Male) |
| 8:23 | Build | House |
| 9:11 | Create | Villager (Male) |
| 9:16 | Build | Mill |
| 9:35 | Create | Villager (Male) |
| 10:01 | Create | Villager (Male) |
| 10:18 | Build | House |
| 10:29 | Create | Villager (Male) |
| 10:34 | Build | House |
| 10:42 | Build | House |
| 10:55 | Research | Feudal Age |
| 11:05 | Build | Mining Camp |
| 12:11 | Create | Villager (Male) |
| 13:09 | Age | Feudal Age |
| 13:11 | Build | Market |
| 13:15 | Build | Blacksmith |
| 13:20 | Create | Galley |
| 13:32 | Create | Villager (Male) |
| 13:48 | Build | House |
| 13:53 | Create | Galley |
| 14:09 | Research | Town Watch |
| 15:15 | Research | Castle Age |
| 15:53 | Create | Villager (Male) |
| 16:55 | Create | Villager (Male) |
| 17:06 | Build | Mill |
| 17:42 | Research | Fletching |
| 17:55 | Age | Castle Age |
| 18:02 | Build | Castle |
| 18:07 | Build | Castle |
| 18:20 | Create | Villager (Male) |
| 18:46 | Create | Villager (Male) |
| 18:56 | Create | Camel Archer |
| 18:56 | Create | Camel Archer |
| 18:57 | Create | Camel Archer |
| 19:17 | Create | Camel Archer |
| 20:06 | Create | Camel Archer |
| 20:06 | Create | Camel Archer |
| 20:11 | Create | Camel Archer |
| 20:11 | Create | Camel Archer |
| 20:35 | Create | Camel Archer |
| 20:54 | Create | Villager (Male) |
| 20:54 | Create | Villager (Male) |
| 21:16 | Create | Camel Archer |
| 21:20 | Create | Villager (Male) |
| 21:22 | Create | Camel Archer |
| 21:26 | Build | Lumber Camp |
| 21:42 | Create | Villager (Male) |
| 21:45 | Create | Camel Archer |
| 22:19 | Create | Camel Archer |
| 22:21 | Create | Villager (Male) |
| 22:53 | Create | Villager (Male) |
| 22:56 | Create | Camel Archer |
| 22:57 | Create | Camel Archer |
| 23:07 | Create | Villager (Male) |
| 23:18 | Create | Camel Archer |
| 23:18 | Create | Camel Archer |
| 23:52 | Create | Villager (Male) |
| 23:58 | Research | Horse Collar |
| 23:59 | Research | Horse Collar |
| 23:59 | Research | Horse Collar |
| 24:03 | Build | Farm |
| 24:05 | Build | Farm |
| 24:30 | Create | Villager (Male) |
| 24:53 | Create | Camel Archer |
| 24:54 | Create | Camel Archer |
| 25:04 | Build | Farm |
| 25:09 | Create | Villager (Male) |
| 25:09 | Create | Villager (Male) |
| 25:19 | Create | Villager (Male) |
| 25:35 | Create | Camel Archer |
| 25:42 | Build | Mill |
| 26:00 | Create | Camel Archer |
| 26:05 | Create | Villager (Male) |
| 26:12 | Create | Camel Archer |
| 26:12 | Create | Camel Archer |
| 26:39 | Create | Camel Archer |
| 27:02 | Create | Camel Archer |
| 27:03 | Create | Camel Archer |
| 27:07 | Create | Villager (Male) |
| 27:08 | Create | Villager (Male) |
| 27:30 | Create | Camel Archer |
| 27:47 | Create | Villager (Male) |
| 27:59 | Create | Villager (Male) |
| 28:18 | Build | House |
| 28:25 | Create | Camel Archer |
| 28:29 | Research | Double-Bit Axe |
| 28:29 | Research | Double-Bit Axe |
| 28:45 | Create | Villager (Male) |
| 28:53 | Build | Farm |
| 28:56 | Build | Farm |
| 29:19 | Create | Villager (Male) |
| 29:20 | Create | Camel Archer |
| 29:35 | Create | Villager (Male) |
| 29:46 | Build | House |
| 29:49 | Create | Camel Archer |
| 29:49 | Create | Camel Archer |
| 29:55 | Create | Villager (Male) |
| 30:09 | Build | House |
| 30:16 | Create | Camel Archer |
| 30:38 | Create | Villager (Male) |
| 30:46 | Build | Mill |
| 30:49 | Create | Villager (Male) |
| 31:05 | Build | Castle |
| 31:08 | Create | Camel Archer |
| 31:08 | Create | Camel Archer |
| 31:10 | Create | Villager (Male) |
| 31:36 | Create | Camel Archer |
| 31:38 | Create | Villager (Male) |
| 31:43 | Create | Villager (Male) |
| 31:58 | Build | House |
| 32:06 | Build | Mining Camp |
| 32:22 | Create | Camel Archer |
| 32:22 | Create | Camel Archer |
| 32:35 | Create | Villager (Male) |
| 32:37 | Research | Bow Saw |
| 32:37 | Research | Bow Saw |
| 32:52 | Build | Town Center |
| 33:03 | Research | Bodkin Arrow |
| 33:03 | Research | Bodkin Arrow |
| 33:46 | Create | Camel Archer |
Match timeline
| 0:28 | 霧島君 · first_building Dock |
| 0:42 | 中等電腦 · first_building Dock |
| 0:42 | [Legacy] nomad · first_building Dock |
| 1:04 | [Legacy] matbui · first_building Dock |
| 1:09 | [Legacy] nomad · wall_segment Palisade Wall x1 |
| 1:14 | [Legacy] nomad · wall_segment Palisade Wall x1 |
| 2:03 | Sera · first_building Dock |
| 2:04 | [Legacy]Rian23 · first_building Dock |
| 2:04 | Magno · first_building Dock |
| 3:17 | [Legacy] nomad · wall_segment Palisade Wall x1 |
| 4:53 | Little_lemon · first_building Dock |
| 7:32 | 中等電腦 · wall_segment Palisade Wall x1 |
| 7:34 | Little_lemon · wall_segment Palisade Wall x2 |
| 7:49 | Little_lemon · wall_segment Palisade Wall x1 |
| 8:54 | 中等電腦 · wall_segment Palisade Wall x1 |
| 9:36 | 中等電腦 · wall_segment Palisade Wall x1 |
| 10:00 | [Legacy]Rian23 · wall_segment Palisade Wall x1 |
| 10:01 | [Legacy]Rian23 · wall_segment Palisade Wall x1 |
| 10:07 | [Legacy]Rian23 · wall_segment Palisade Wall x1 |
| 12:17 | [Legacy]Rian23 · first_building Barracks |
| 12:28 | [Legacy] nomad · age_up feudal |
| 12:40 | 霧島君 · age_up feudal |
| 13:09 | Sera · age_up feudal |
| 13:12 | [Legacy] matbui · age_up feudal |
| 13:15 | Magno · wall_segment Palisade Wall x2 |
| 13:21 | Magno · wall_segment Palisade Wall x1 |
| 13:23 | [Legacy] matbui · wall_segment Palisade Wall x1 |
| 13:26 | [Legacy]Rian23 · age_up feudal |
| 13:28 | [Legacy] matbui · wall_segment Palisade Wall x1 |
| 13:28 | Magno · wall_segment Palisade Wall x1 |
| 13:29 | [Legacy] matbui · wall_segment Palisade Wall x1 |
| 13:32 | Little_lemon · first_building Barracks |
| 13:33 | Magno · wall_segment Palisade Wall x1 |
| 14:00 | Magno · age_up feudal |
| 14:09 | 中等電腦 · age_up feudal |
| 14:17 | Sera · first_market_sell 100 wood |
| 14:18 | Sera · first_market_buy 100 food |
| 14:39 | Little_lemon · wall_segment Palisade Wall x3 |
| 15:47 | Little_lemon · age_up feudal |
| 15:51 | [Legacy] nomad · first_market_buy 100 food |
| 16:36 | 霧島君 · age_up castle |
| 16:39 | [Legacy]Rian23 · first_building Archery Range |
| 16:58 | [Legacy] matbui · wall_segment Palisade Wall x1 |
| 17:55 | Sera · age_up castle |
| 18:02 | Sera · first_building Castle |
| 18:10 | 中等電腦 · wall_segment Palisade Wall x2 |
| 18:10 | [Legacy] matbui · wall_segment Palisade Wall x1 |
| 18:15 | [Legacy] matbui · wall_segment Palisade Wall x1 |
| 18:16 | [Legacy] matbui · wall_segment Palisade Wall x1 |
| 18:17 | [Legacy] matbui · wall_segment Palisade Wall x1 |
| 18:23 | [Legacy] matbui · wall_segment Palisade Wall x1 |
| 19:18 | [Legacy] nomad · age_up castle |
| 19:19 | [Legacy] nomad · first_building Castle |
| 19:47 | 中等電腦 · wall_segment Palisade Wall x1 |
| 20:13 | 中等電腦 · wall_segment Palisade Wall x3 |
| 20:26 | [Legacy]Rian23 · age_up castle |
| 20:40 | [Legacy]Rian23 · first_building Monastery |
| 20:47 | Little_lemon · age_up castle |
| 20:57 | [Legacy] matbui · wall_segment Palisade Wall x1 |
| 21:08 | 霧島君 · first_building Monastery |
| 21:08 | Little_lemon · first_building Castle |
| 21:08 | [Legacy] matbui · wall_segment Palisade Wall x1 |
| 21:20 | 中等電腦 · wall_segment Palisade Wall x6 |
| 21:35 | 中等電腦 · first_building Barracks |
| 22:28 | 中等電腦 · first_building Archery Range |
| 23:41 | 中等電腦 · age_up castle |
| 24:17 | Little_lemon · first_market_sell 100 food |
| 24:20 | Little_lemon · first_market_buy 100 stone |
| 24:37 | [Legacy] matbui · wall_segment Palisade Wall x2 |
| 24:38 | [Legacy] matbui · wall_segment Palisade Wall x1 |
| 24:39 | [Legacy] matbui · wall_segment Palisade Wall x1 |
| 24:39 | [Legacy] matbui · wall_segment Palisade Wall x1 |
| 24:40 | 中等電腦 · first_market_sell 100 food |
| 24:41 | 中等電腦 · first_market_buy 100 wood |
| 24:42 | 霧島君 · first_building Siege Workshop |
| 26:19 | Magno · first_market_sell 100 wood |
| 26:22 | Magno · first_market_buy 100 food |
| 26:46 | [Legacy] matbui · first_market_sell 100 food |
| 27:28 | 霧島君 · first_building Castle |
| 28:17 | 霧島君 · wall_segment Palisade Wall x2 |
| 28:20 | 霧島君 · wall_segment Palisade Wall x1 |
| 28:57 | 中等電腦 · wall_segment Palisade Wall x4 |
| 29:12 | Magno · age_up castle |
| 29:15 | Magno · first_building Castle |
| 29:15 | [Legacy] matbui · age_up castle |
| 29:18 | [Legacy] matbui · first_building Castle |
| 30:02 | 中等電腦 · first_building Castle |
| 30:17 | 霧島君 · first_building Barracks |
| 30:31 | [Legacy]Rian23 · first_building Siege Workshop |
| 30:50 | Magno · first_building Siege Workshop |
| 31:00 | [Legacy] matbui · first_market_buy 100 wood |
| 31:01 | [Legacy] nomad · first_market_sell 100 wood |
| 31:22 | 霧島君 · first_building Stable |
| 31:36 | 中等電腦 · first_building Stable |
| 31:53 | 霧島君 · first_market_sell 100 wood |
| 32:33 | [Legacy] matbui · first_building Barracks |
| 32:51 | 中等電腦 · wall_segment Stone Wall x7 |
| 32:55 | Magno · first_building Monastery |
| 32:59 | [Legacy] nomad · first_building Barracks |
| 33:16 | [Legacy]Rian23 · first_building Castle |
| 33:43 | [Legacy] nomad · first_building Stable |
| 34:20 | [Legacy]Rian23 · first_market_buy 100 food |
| 34:21 | 中等電腦 · wall_segment Stone Wall x5 |
| 35:03 | [Legacy] nomad · age_up imperial |
| 35:16 | [Legacy] nomad · wall_segment Stone Wall x1 |
| 35:25 | 霧島君 · age_up imperial |
| 35:46 | 中等電腦 · wall_segment Stone Wall x6 |
| 36:49 | 中等電腦 · wall_segment Stone Wall x9 |
| 37:13 | 中等電腦 · wall_segment Stone Wall x16 |
| 37:16 | Magno · first_building Barracks |
| 37:34 | Magno · wall_segment Stone Wall x6 |
| 37:34 | [Legacy]Rian23 · age_up imperial |
| 37:47 | 中等電腦 · wall_segment Stone Wall x8 |
| 37:54 | Little_lemon · resign |
[ AI ANALYSIS · 1 CREDIT ]
What really happened in this match?
Wolo.gg analyzes every decision: build order, eco, micro, common mistakes by bracket. Personalized analysis on WhatsApp or Discord in 30 seconds.
Civ guide
Persians
Perfil
Jugador #2929599